 Dungeon Crawl Stone Soup version 0.25.1-8-g42b30a86e7 (webtiles) character file.

Game seed: 1361051138813898660

465 kosh the Grave Robber (level 6, -1/43 HPs)
             Began as a Mummy Necromancer on Oct 28, 2020.
             Slain by a gnoll
             ... wielding a +0 halberd
              (11 damage)
             ... in a bailey on Dec 8, 2020.
             The game lasted 00:35:27 (5458 turns).

kosh the Grave Robber (Mummy Necromancer)           Turns: 5458, Time: 00:35:28

Health: -1/43      AC:  5    Str: 11    XL:     6   Next: 80%
Magic:  12/15      EV: 12    Int: 16    God:
Gold:   95         SH:  0    Dex: 13    Spells: 8/17 levels left

rFire    x . .     SeeInvis .   c - +4 whip
rCold    + . .     Gourm    .   (no shield)
rNeg     + + +     Faith    .   a - +1 robe
rPois    ∞         Spirit   .   (no helmet)
rElec    .         Reflect  .   g - scarf {+Inv}
rCorr    .         Harm     .   j - +0 pair of gloves
MR       .....                  d - +0 pair of boots
Stlth    ++........             (no amulet)
HPRegen  0.14/turn              (no ring)
MPRegen  0.14/turn              (no ring)

@: no status effects
A: no food or potions, fire vulnerability, cold resistance 1, negative energy
resistance 3, torment resistance, unbreathing
a: Evoke Invisibility


You were in a bailey.
You were not hungry.

You visited 1 branch of the dungeon, and saw 6 of its levels.
You also visited: Bailey.

You collected 107 gold pieces.
You spent 12 gold pieces at shops.

Inventory:

Hand Weapons
 c - a +4 whip (weapon)
Missiles
 e - 2 atropa-tipped darts
 k - 15 poisoned darts (quivered)
 n - 65 boomerangs
Armour
 a - a +1 robe (worn)
 d - a +0 pair of boots (worn)
 g - a scarf of invisibility (worn)
 j - a +0 pair of gloves (worn)
Scrolls
 b - a scroll of teleportation
 f - 2 scrolls of remove curse
 h - a scroll of enchant armour
 i - a scroll of blinking {unknown}
 l - a scroll of amnesia
 m - a scroll of fog {unknown}


   Skills:
 + Level 1.4 Fighting
 + Level 2.0 Dodging
 - Level 1.5 Stealth
 + Level 6.2 Spellcasting
 + Level 6.2 Necromancy


You had 8 spell levels left.
You knew the following spells:

 Your Spells              Type           Power        Failure   Level  Hunger
a - Pain                  Necr           ####         1%          1    N/A
b - Animate Skeleton      Necr           N/A          1%          1    N/A
c - Vampiric Draining     Necr           ####......   3%          3    N/A
d - Animate Dead          Necr           N/A          10%         4    N/A

Your spell library contained the following spells:

 Spells                   Type           Power        Failure   Level  Hunger
 Agony                    Necr           ####....     28%         5    N/A
 Confusing Touch          Hex            #.......     38%         3    N/A
 Gell's Gravitas          Tloc           #.........   38%         3    N/A
 Petrify                  Tmut/Erth      #.......     80%         4    N/A
 Metabolic Englaciation   Hex/Ice        #.........   98%         5    N/A
 Yara's Violent Unravell  Hex/Tmut       #.........   98%         5    N/A

Dungeon Overview and Level Annotations

Branches:
Dungeon (5/15)             Bailey (1/1)
 Temple: D:4-7

Altars:
Cheibriados
Dithmenos
Hepliaklqana
Makhleb
Qazlal
Vehumet
Yredelemnul

Shops:
D:5 (

Annotations:
D:2 Jessica


Innate Abilities, Weirdness & Mutations

You do not eat or drink.
Your flesh is vulnerable to fire.
You are immune to poison.
Your flesh is cold resistant. (rC+)
You are immune to negative energy. (rN+++)
You are immune to unholy pain and torment.
You can survive without breathing.


Message History

The floor.
Okay, then.
There is an open door, spattered with blood here.
You see here 3 fuming clear potions.
Items here: ! )) [ a golden potion; a +0 dire flail; a +0 chain mail a +2 halberd of electrocution
There is an open door here.
Things that are here:
2 potions of heal wounds; a +0 halberd of electrocution; a kobold corpse You see here a +0 halberd of electrocution.
There is a fountain of blood here.
There is an open door here.
There is an open door here.
There is an open door here.
You see here 5 black potions.
You see here a +0 halberd of electrocution.
There is a fountain of clear blue water here.
The gnoll hits you from afar with a +0 halberd!
You die...

### ### ##### ### ###
#∩###.###!'.###.###.#
##'##'##'###'##'##'##
##...ZZ## ##.....##
###....Z#####@....###
#.'..∩..'.#.'..g..'.#
###.....#####...).###
##....!## ##....g##
##'##'##)###'##'##'##
#.###.###.#.###.###.#
### ### ##### ### #'#
.# #. #.#.# #.###.#
#'##'##'# #'##'##'##


You could see 2 gnolls.

Vanquished Creatures
  A scorpion (D:4)
  A crimson imp (D:4)
  3 worker ants
  A hound skeleton (D:5)
  4 adders
  9 gnolls (Bailey)
  An adder skeleton (D:4)
  2 worms
  4 dart slugs
  4 leopard geckos
  6 orcs
  12 bats
  2 giant cockroaches
  6 goblins
  13 hobgoblins
  4 jackals
  A quokka (D:5)
  8 frilled lizards
  23 kobolds
  6 rats
111 creatures vanquished.

Vanquished Creatures (collateral kills)
  An orc warrior (Bailey)
  2 gnolls (Bailey)
  A hobgoblin (Bailey)
4 creatures vanquished.

Grand Total: 115 creatures vanquished

Notes
Turn   | Place    | Note
-------+----------+-------------------------------------------
     0 | D:1      | kosh the Mummy Necromancer began the quest for the Orb.
     0 | D:1      | Reached XP level 1. HP: 13/13 MP: 4/4
     0 | D:1      | Upgraded the game from 0.25.1-2-g60ff931df9 to
                  | 0.25.1-8-g42b30a86e7
    17 | D:1      | Learned a level 1 spell: Animate Skeleton
   360 | D:1      | Reached XP level 2. HP: 16/19 MP: 5/5
  1177 | D:1      | Reached XP level 3. HP: 24/24 MP: 0/7
  1264 | D:1      | Learned a level 3 spell: Vampiric Draining
  1439 | D:2      | Reached skill level 5 in Necromancy
  1577 | D:2      | Found a stormy altar of Qazlal.
  1931 | D:2      | Reached XP level 4. HP: 29/30 MP: 9/9
  1990 | D:2      | Noticed Jessica
  2350 | D:3      | Learned a level 4 spell: Animate Dead
  2932 | D:3      | Found a hazy altar of Hepliaklqana.
  3267 | D:4      | Found a radiant altar of Vehumet.
  3278 | D:4      | Reached XP level 5. HP: 27/36 MP: 4/11
  3595 | D:4      | Found a burning altar of Makhleb.
  3700 | D:4      | Reached skill level 1 in Fighting
  3884 | D:4      | Found a shadowy altar of Dithmenos.
  4046 | D:5      | Entered Level 5 of the Dungeon
  4063 | D:5      | Found Jahei's Weapon Shoppe.
  4071 | D:5      | Bought 2 atropa-tipped darts for 12 gold pieces
  4110 | D:5      | Found a basalt altar of Yredelemnul.
  4184 | D:5      | Reached skill level 5 in Spellcasting
  4346 | D:5      | Reached XP level 6. HP: 36/43 MP: 13/13
  4545 | D:5      | Found a snail-covered altar of Cheibriados.
  4689 | D:5      | You fall into a shaft and drop 2 floors!
  4689 | D:7      | Found a flagged portal.
  4695 | Bailey   | Entered a bailey
  5167 | Bailey   | Noticed an orc warrior
  5268 | Bailey   | Killed an orc warrior
  5458 | Bailey   | Slain by a gnoll

Illustrated notes

Levels and vault maps discovered:
D:1:      arrival_zaba_pyramid, layout_basic
D:2:      layout_loops_cross, grunt_qazlal_sundering, first_ration,
          serial_park_tiny_pond, minmay_misc_feat_enclosed, uniq_jessica
D:3:      layout_basic, lemuel_crystal_altar, serial_bayou, serial_bayou_pond_a,
          serial_bayou_shore_a, serial_bayou_pond_a, serial_bayou_pond_a
D:4:      layout_rooms, grunt_temple_overflow_lords_of_destruction,
          grunt_dithmenos_smoke, serial_forest, infiniplex_forest_lined_2,
          infiniplex_forest_corner_1, infiniplex_forest_lined_corner,
          infiniplex_forest_3_way, infiniplex_forest_straight_4,
          infiniplex_forest_lined_room_2, infiniplex_forest_diagonal,
          infiniplex_forest_side_room, kennysheep_potato
D:5:      layout_loops_ring, yredelemnul_altar_generic, kennysheep_slug_shrine,
          serial_shops, shop
D:7:      layout_rooms, minmay_temple_entry_enclosed_plants, enter_bailey_6,
          serial_shops, shop
Bailey:   bailey_axe_2, bailey

Skill      XL: |  1  2  3  4  5  6 |
---------------+-------------------+-----
Spellcasting   | 3 4 5 6 |  6.2
Necromancy     | 5 6 |  6.2
Fighting       | 1 |  1.4
Dodging        | 2 |  2.0
Stealth        | |  1.5

Action                   |  1- 3 |  4- 6 || total
-------------------------+-------+-------++-------
Melee: Dagger            |    58 |       ||    58
       Unarmed           |     1 |       ||     1
       Whip              |    28 |   103 ||   131
 Cast: Pain              |    45 |   102 ||   147
       Animate Skeleton  |     1 |     9 ||    10
       Vampiric Draining |     2 |     6 ||     8
  Use: Scroll            |       |    11 ||    11
 Stab: Sleeping          |     4 |     1 ||     5
Armor: Robe              |    28 |    31 ||    59
Dodge: Dodged            |    74 |    99 ||   173
